 Dungeon Crawl Stone Soup version 0.28-a0-919-g0b5b508569 (webtiles) character file.

Game seed: 16836758441883381164

19 timneilson the Covered (level 2, -6/19 HPs)
             Began as a Gargoyle Fighter on Nov 25, 2021.
             Mangled by a gnoll (9 damage)
             ... on level 2 of the Dungeon.
             The game lasted 00:01:22 (1191 turns).

timneilson the Covered (Gargoyle Fighter)           Turns: 1191, Time: 00:01:23

Health: -6/19      AC:  9    Str: 19    XL:     2   Next: 75%
Magic:  2/2        EV:  9    Int:  8    God:
Gold:   62         SH:  4    Dex:  9    Spells: 1/1 levels left

rFire   . . .      SeeInvis +   a - +1 long sword
rCold   . . .      Faith    .   c - +0 buckler
rNeg    + . .      Spirit   .   b - +0 scale mail
rPois   ∞          Reflect  .   (no helmet)
rElec   +          Harm     .   (no cloak)
rCorr   .          Rampage  .   (no gloves)
Will    .....                   (no boots)
Stlth   ..........              (no amulet)
HPRegen 0.06/turn               g - ring of see invisible
MPRegen 0.08/turn               (no ring)

@: no status effects
A: sickness immunity, AC +2, negative energy resistance 1, electricity
resistance, torment resistance 1, petrification resistance
a: no special abilities


You were on level 2 of the Dungeon.
You visited 1 branch of the dungeon, and saw 2 of its levels.

You collected 62 gold pieces.

Inventory:

Hand Weapons
 a - a +1 long sword (weapon)
Missiles
 f - 2 throwing nets (quivered)
Armour
 b - a +0 scale mail (worn)
 c - a +0 buckler (worn)
Jewellery
 g - a ring of see invisible (left hand)
Scrolls
 h - a scroll of fear
Potions
 d - a potion of might
 e - a potion of curing {unknown}
 k - a potion of attraction {unknown}


   Skills:
 + Level 3.4 Fighting
 * Level 2.0 Long Blades
 * Level 3.6 Armour
 + Level 0.5 Dodging
 * Level 3.5 Shields


You had one spell level left.
You didn't know any spells.
Your spell library contained the following spells:

 Spells                   Type           Power      Damage    Failure   Level
 Foxfire                  Conj/Fire      0%         2x1d4     80%         1
 Conjure Flame            Conj/Fire      0%         6-21      99%         3
 Inner Flame              Hex/Fire       0%         N/A       99%         3
 Flame Wave               Conj/Fire      0%         3d3       100%        4


Dungeon Overview and Level Annotations

Branches:
Dungeon (2/15)

Altars:


Innate Abilities, Weirdness & Mutations

You are immune to sickness and miasma.
Your stone body is resilient. (AC +2)
You are immune to poison.
You resist negative energy. (rN+)
You are resistant to electric shocks. (rElec)
You are resistant to unholy torment.
You are immune to petrification.


Message History

The frilled lizard hisses angrily.
Found 12 gold pieces.
Found a stone staircase leading up.
The frilled lizard bites you but does no damage.
You hit the frilled lizard.
You kill the frilled lizard!
No target in view!
No target in view!
No target in view!
No target in view!
No target in view!
No target in view!
No target in view!
No target in view!
No target in view!
No target in view!
No target in view!
No target in view!
No target in view!
No target in view!
No target in view!
You see here a frilled lizard corpse.
You now have 44 gold pieces (gained 12).
You now have 62 gold pieces (gained 18).
Found a quarterstaff.
A gnoll comes into view. It is wielding a +0 halberd.
The gnoll shouts!
You hear a shout!
A gnoll comes into view. It is wielding a +0 halberd.
The gnoll shouts!
A gnoll comes into view. It is wielding a +0 club.
The gnoll moves out of view.
The gnoll shouts!
The gnoll hits you with a +0 halberd.
You closely miss the gnoll. The gnoll barely misses you. The gnoll misses you.
A quokka comes into view.
The gnoll hits you from afar with a +0 halberd!
Ouch! That really hurt!
You closely miss the gnoll. The gnoll hits you with a +0 halberd.
* * * LOW HITPOINT WARNING * * *
You barely miss the gnoll. The gnoll hits you with a +0 halberd!
You die...

.## ##. .. #.. .. #.
#.##.######..# #.#
##..#.#... .... #.#
........# ###..# #
#r# ........
....##.#g# ......##
#..#.#g# #......#
#...#g# #...##.##
##...@# #.......##
#....##
#..###...###...##
..####.#..##....##
....##.##.######.#
....##.##..#####.###
....##.###..##.....#
.†..##............#.#
....#########...#.# #


You could see 3 gnolls and a quokka.

Vanquished Creatures
  2 endoplasms
  3 giant cockroaches
  2 hobgoblins (D:1)
  3 ball pythons (D:1)
  3 frilled lizards
  3 kobolds (D:1)
  3 rats (D:1)
19 creatures vanquished.

Notes
Turn   | Place    | Note
-------+----------+-------------------------------------------
     0 | D:1      | timneilson the Gargoyle Fighter began the quest for the
                  | Orb.
     0 | D:1      | Reached XP level 1. HP: 14/14 MP: 1/1
   126 | D:1      | Found a faded altar of an unknown god.
   224 | D:1      | Reached XP level 2. HP: 13/19 MP: 2/2
  1191 | D:2      | Mangled by a gnoll

Illustrated notes

Levels and vault maps discovered:
D:1:      denvon_arrival_planthouse, layout_basic,
          shapermc_ecumenical_altar_starsandcircs
D:2:      minmay_inner_zag, layout_rooms

Skill      XL: |  1 |
---------------+----+-----
Long Blades    | 2 |  2.0
Fighting       | |  3.4
Armour         | |  3.6
Dodging        | |  0.5
Shields        | |  3.5

Action                   || total
-------------------------++-------
Melee: Long sword        ||    65
  Use: Scroll            ||     4
Armor: Scale mail        ||    23
Dodge: Dodged            ||    26
Block: Buckler           ||    13

Table legend: (Time is in decaauts)
 A = Elapsed time spent in this place.
 B = Non-inter-level travel time spent in this place.
 C = Inter-level travel time spent in this place.
 D = Time resting spent in this place.
 E = Time spent auto-exploring this place.
 F = Levels seen in this place.
 G = Mean time per level.
                   A        B        C        D        E       F      G
               +--------+--------+--------+--------+--------+-----+--------+
         Total |   1210 |   1203 |      7 |      0 |   1031 |   2 |  605.0 |
       Dungeon |   1210 |   1203 |      7 |      0 |   1031 |   2 |  605.0 |
               +--------+--------+--------+--------+--------+-----+--------+

Top non-repeatable levels by time:
     D:1: 1029 daAuts
     D:2: 180 daAuts
